[ AOE2 MATCH · #506895701 ]
UnrankedShu vs Slavs
Player's team · WIN
Rival team · LOSS
[ REPLAY ANALYSIS · EXTRACTED FROM THE RECORDED GAME ]
Feudal
10:38
Castle
—
Imperial
—
| APM avg | 52.6 |
| APM peak | 71 |
| eAPM avg | 20.6 |
| Villagers / military | 47 / 44 |
Focus
⚔️ 32.0% · 🌾 68.0%
Skirmisher ×24 · Archer ×8 · Spearman ×6 · Militia ×3 · Scout Cavalry ×3
Feudal
9:02
Castle
—
Imperial
—
| APM avg | 76.8 |
| APM peak | 131 |
| eAPM avg | 24.9 |
| Villagers / military | 35 / 45 |
Focus
⚔️ 38.0% · 🌾 62.0%
Archer ×28 · Skirmisher ×10 · Scout Cavalry ×7
Match map
Initial resources + every placement click. Lines = walls · curves = elevation contours. ◆ gold · ⬟ stone · ● berries · ✦ relic · ◌ wall gap
Your base· Open — 2t gap
_Riley_'s base· ✓ Closed at 12:00 · 10t walls · 1 gate(s)
Smoothed initial terrain · ◌ = detected wall gap · hover for details
Inputs per minute
— Goatmaster - - _Riley_
Build order — Goatmaster
149 actions detected in the replay
| 0:00 | Queue | Villager (Male) |
| 0:01 | Build | House |
| 0:02 | Build | House |
| 0:04 | Queue | Villager (Male) |
| 0:04 | Queue | Villager (Male) |
| 0:09 | Queue | Villager (Male) |
| 0:09 | Queue | Villager (Male) |
| 1:26 | Queue | Villager (Male) |
| 1:26 | Queue | Villager (Male) |
| 1:38 | Queue | Villager (Male) |
| 1:53 | Build | Lumber Camp |
| 2:25 | Queue | Villager (Male) |
| 2:52 | Queue | Villager (Male) |
| 2:52 | Queue | Villager (Male) |
| 3:41 | Queue | Villager (Male) |
| 3:41 | Queue | Villager (Male) |
| 3:48 | Build | House |
| 3:50 | Build | Palisade Wall |
| 4:19 | Queue | Villager (Male) |
| 4:37 | Queue | Villager (Male) |
| 5:05 | Build | Barracks |
| 5:17 | Queue | Villager (Male) |
| 5:29 | Build | House |
| 5:40 | Queue | Villager (Male) |
| 6:06 | Queue | Villager (Male) |
| 6:20 | Build | Mining Camp |
| 6:29 | Queue | Villager (Male) |
| 6:30 | Queue | Militia |
| 6:30 | Queue | Militia |
| 7:08 | Research | Loom |
| 7:29 | Queue | Villager (Male) |
| 7:32 | Queue | Militia |
| 7:36 | Build | House |
| 7:58 | Queue | Villager (Male) |
| 8:06 | Build | Mill |
| 8:17 | Research | Feudal Age |
| 8:34 | Build | House |
| 9:31 | Queue | Villager (Male) |
| 9:40 | Build | Palisade Wall |
| 10:38 | Age | Feudal Age |
| 10:39 | Queue | Spearman |
| 10:41 | Queue | Villager (Male) |
| 10:43 | Research | Double-Bit Axe |
| 10:51 | Build | Archery Range |
| 10:54 | Queue | Villager (Male) |
| 11:01 | Queue | Spearman |
| 11:03 | Build | Palisade Wall |
| 11:05 | Build | Palisade Wall |
| 11:12 | Build | Blacksmith |
| 11:19 | Build | Lumber Camp |
| 11:24 | Build | Palisade Wall |
| 11:25 | Build | Palisade Wall |
| 11:26 | Build | Palisade Wall |
| 11:27 | Build | Palisade Wall |
| 11:30 | Build | Palisade Wall |
| 11:31 | Build | Palisade Wall |
| 11:33 | Build | Palisade Wall |
| 11:41 | Queue | Spearman |
| 11:48 | Queue | Archer |
| 11:48 | Queue | Archer |
| 11:49 | Queue | Villager (Male) |
| 11:59 | Research | Fletching |
| 12:09 | Queue | Villager (Male) |
| 12:13 | Research | Horse Collar |
| 12:18 | Build | Farm |
| 12:29 | Queue | Archer |
| 12:29 | Queue | Villager (Male) |
| 12:36 | Build | House |
| 12:52 | Queue | Villager (Male) |
| 12:53 | Queue | Archer |
| 12:58 | Build | Farm |
| 13:00 | Build | Farm |
| 13:06 | Queue | Villager (Male) |
| 13:13 | Build | House |
| 13:17 | Queue | Archer |
| 13:29 | Research | Padded Archer Armor |
| 13:35 | Build | Watch Tower |
| 13:36 | Queue | Villager (Male) |
| 14:03 | Queue | Spearman |
| 14:20 | Queue | Villager (Male) |
| 14:21 | Queue | Archer |
| 14:32 | Build | Farm |
| 14:37 | Queue | Villager (Male) |
| 14:38 | Build | Farm |
| 14:39 | Build | Farm |
| 14:51 | Build | Archery Range |
| 14:53 | Queue | Skirmisher |
| 15:15 | Queue | Villager (Male) |
| 15:22 | Queue | Villager (Male) |
| 15:23 | Queue | Spearman |
| 15:41 | Queue | Villager (Male) |
| 15:54 | Queue | Skirmisher |
| 15:54 | Queue | Skirmisher |
| 16:02 | Queue | Skirmisher |
| 16:03 | Queue | Skirmisher |
| 16:03 | Queue | Villager (Male) |
| 16:15 | Build | Farm |
| 16:22 | Queue | Skirmisher |
| 16:22 | Queue | Skirmisher |
| 16:30 | Queue | Villager (Male) |
| 16:40 | Build | Farm |
| 16:42 | Build | Farm |
| 16:48 | Build | Mining Camp |
| 16:51 | Queue | Archer |
| 16:55 | Build | House |
| 17:00 | Queue | Villager (Male) |
| 17:05 | Queue | Skirmisher |
| 17:28 | Queue | Villager (Male) |
| 17:35 | Queue | Villager (Male) |
| 17:41 | Queue | Skirmisher |
| 17:51 | Queue | Skirmisher |
| 17:52 | Queue | Villager (Male) |
| 17:54 | Build | House |
| 18:00 | Build | Farm |
| 18:02 | Build | Mill |
| 18:03 | Queue | Skirmisher |
| 18:04 | Queue | Skirmisher |
| 18:04 | Queue | Skirmisher |
| 18:26 | Build | Farm |
| 18:27 | Build | Farm |
| 18:35 | Queue | Skirmisher |
| 18:35 | Queue | Skirmisher |
| 18:38 | Queue | Villager (Male) |
| 18:56 | Queue | Villager (Male) |
| 18:59 | Build | Stable |
| 19:05 | Build | Mill |
| 19:09 | Queue | Skirmisher |
| 19:15 | Queue | Skirmisher |
| 19:16 | Queue | Skirmisher |
| 19:21 | Queue | Villager (Male) |
| 19:24 | Research | Wheelbarrow |
| 19:24 | Research | Wheelbarrow |
| 19:43 | Queue | Scout Cavalry |
| 19:48 | Build | House |
| 19:49 | Build | House |
| 19:56 | Queue | Skirmisher |
| 20:00 | Queue | Skirmisher |
| 20:00 | Queue | Skirmisher |
| 20:17 | Queue | Scout Cavalry |
| 20:21 | Queue | Skirmisher |
| 20:21 | Queue | Skirmisher |
| 20:49 | Queue | Scout Cavalry |
| 20:50 | Research | Scale Barding Armor |
| 20:57 | Queue | Spearman |
| 21:03 | Queue | Archer |
| 21:03 | Queue | Villager (Male) |
| 21:04 | Queue | Villager (Male) |
| 21:24 | Queue | Skirmisher |
| 21:25 | Queue | Villager (Male) |
Build order — _Riley_
116 actions detected in the replay
| 0:00 | Queue | Villager (Male) |
| 0:01 | Queue | Villager (Male) |
| 0:01 | Queue | Villager (Male) |
| 0:03 | Build | House |
| 0:05 | Build | House |
| 0:08 | Queue | Villager (Male) |
| 1:27 | Queue | Villager (Male) |
| 1:52 | Build | Lumber Camp |
| 1:53 | Queue | Villager (Male) |
| 2:25 | Queue | Villager (Male) |
| 2:53 | Queue | Villager (Male) |
| 3:16 | Queue | Villager (Male) |
| 3:33 | Queue | Villager (Male) |
| 3:47 | Build | House |
| 3:47 | Build | Palisade Wall |
| 4:01 | Queue | Villager (Male) |
| 4:21 | Queue | Villager (Male) |
| 4:53 | Queue | Villager (Male) |
| 5:06 | Queue | Villager (Male) |
| 5:34 | Research | Loom |
| 5:57 | Build | Barracks |
| 6:25 | Queue | Villager (Male) |
| 6:52 | Research | Feudal Age |
| 7:35 | Build | Palisade Wall |
| 7:37 | Build | Palisade Wall |
| 7:45 | Build | Palisade Gate |
| 9:02 | Age | Feudal Age |
| 9:05 | Queue | Villager (Male) |
| 9:07 | Build | Stable |
| 9:10 | Research | Double-Bit Axe |
| 9:13 | Queue | Villager (Male) |
| 9:21 | Build | House |
| 9:36 | Queue | Villager (Male) |
| 9:45 | Build | Mill |
| 9:45 | Queue | Scout Cavalry |
| 9:45 | Queue | Scout Cavalry |
| 10:03 | Queue | Villager (Male) |
| 10:46 | Build | Archery Range |
| 10:57 | Queue | Scout Cavalry |
| 11:23 | Build | Archery Range |
| 11:30 | Queue | Villager (Male) |
| 11:31 | Queue | Archer |
| 12:04 | Queue | Villager (Male) |
| 12:06 | Queue | Skirmisher |
| 12:12 | Build | House |
| 12:28 | Queue | Skirmisher |
| 12:33 | Queue | Villager (Male) |
| 12:42 | Build | Mining Camp |
| 12:44 | Queue | Villager (Male) |
| 12:58 | Queue | Skirmisher |
| 13:11 | Queue | Skirmisher |
| 13:20 | Build | Watch Tower |
| 13:33 | Queue | Villager (Male) |
| 13:37 | Queue | Skirmisher |
| 13:55 | Queue | Skirmisher |
| 14:00 | Queue | Archer |
| 14:10 | Queue | Archer |
| 14:33 | Queue | Archer |
| 14:38 | Queue | Villager (Male) |
| 14:38 | Queue | Villager (Male) |
| 14:50 | Queue | Archer |
| 15:04 | Queue | Archer |
| 15:19 | Queue | Archer |
| 15:31 | Queue | Archer |
| 15:43 | Queue | Archer |
| 16:01 | Queue | Villager (Male) |
| 16:01 | Queue | Villager (Male) |
| 16:03 | Queue | Archer |
| 16:14 | Build | Blacksmith |
| 16:27 | Build | Farm |
| 16:29 | Build | Farm |
| 16:31 | Queue | Archer |
| 16:38 | Build | Mill |
| 16:40 | Queue | Archer |
| 16:43 | Build | House |
| 16:49 | Queue | Villager (Male) |
| 16:51 | Build | Farm |
| 17:09 | Build | Palisade Wall |
| 17:10 | Build | Palisade Wall |
| 17:12 | Research | Fletching |
| 17:13 | Queue | Archer |
| 17:15 | Queue | Archer |
| 17:26 | Queue | Skirmisher |
| 17:42 | Queue | Villager (Male) |
| 17:57 | Queue | Skirmisher |
| 18:00 | Build | House |
| 18:00 | Queue | Skirmisher |
| 18:16 | Build | Farm |
| 18:21 | Queue | Archer |
| 18:32 | Queue | Villager (Male) |
| 18:33 | Queue | Archer |
| 18:56 | Queue | Skirmisher |
| 18:58 | Queue | Villager (Male) |
| 19:00 | Queue | Archer |
| 19:05 | Build | House |
| 19:20 | Queue | Archer |
| 19:26 | Queue | Scout Cavalry |
| 19:28 | Queue | Archer |
| 19:34 | Queue | Archer |
| 19:45 | Build | House |
| 19:46 | Queue | Archer |
| 19:48 | Queue | Villager (Male) |
| 19:50 | Build | Farm |
| 19:54 | Queue | Scout Cavalry |
| 19:57 | Queue | Archer |
| 19:57 | Queue | Archer |
| 20:15 | Queue | Villager (Male) |
| 20:18 | Build | Farm |
| 20:32 | Queue | Archer |
| 20:40 | Queue | Archer |
| 20:42 | Queue | Scout Cavalry |
| 20:43 | Queue | Archer |
| 21:01 | Queue | Archer |
| 21:05 | Queue | Villager (Male) |
| 21:15 | Queue | Archer |
| 21:20 | Queue | Scout Cavalry |
Match timeline
| 3:47 | _Riley_ · wall_segment Palisade Wall x1 |
| 3:50 | Goatmaster · wall_segment Palisade Wall x1 |
| 5:05 | Goatmaster · first_building Barracks |
| 5:57 | _Riley_ · first_building Barracks |
| 7:35 | _Riley_ · wall_segment Palisade Wall x6 |
| 7:37 | _Riley_ · wall_segment Palisade Wall x3 |
| 9:02 | _Riley_ · age_up feudal |
| 9:07 | _Riley_ · first_building Stable |
| 9:40 | Goatmaster · wall_segment Palisade Wall x1 |
| 10:38 | Goatmaster · age_up feudal |
| 10:46 | _Riley_ · first_building Archery Range |
| 10:51 | Goatmaster · first_building Archery Range |
| 11:03 | Goatmaster · wall_segment Palisade Wall x1 |
| 11:05 | Goatmaster · wall_segment Palisade Wall x1 |
| 11:24 | Goatmaster · wall_segment Palisade Wall x1 |
| 11:25 | Goatmaster · wall_segment Palisade Wall x1 |
| 11:26 | Goatmaster · wall_segment Palisade Wall x1 |
| 11:27 | Goatmaster · wall_segment Palisade Wall x1 |
| 11:30 | Goatmaster · wall_segment Palisade Wall x1 |
| 11:31 | Goatmaster · wall_segment Palisade Wall x1 |
| 11:33 | Goatmaster · wall_segment Palisade Wall x1 |
| 17:09 | _Riley_ · wall_segment Palisade Wall x1 |
| 17:10 | _Riley_ · wall_segment Palisade Wall x1 |
| 18:59 | Goatmaster · first_building Stable |
| 21:29 | _Riley_ · resign |
[ AI ANALYSIS · 1 CREDIT ]
What really happened in this match?
Wolo.gg analyzes every decision: build order, eco, micro, common mistakes by bracket. Personalized analysis on WhatsApp or Discord in 30 seconds.
Civ guide
Shu
Perfil
Jugador #2227707